 Dungeon Crawl Stone Soup version 0.21.1 (webtiles) character file.

10 letownia2 the Magician (level 2, -1/15 HPs)
             Began as a Gargoyle Wizard on Feb 3, 2018.
             Killed from afar by an orc wizard (8 damage)
             ... with a magic dart
             ... on level 2 of the Dungeon.
             The game lasted 00:01:49 (465 turns).

letownia2 the Magician (Gargoyle Wizard)             Turns: 465, Time: 00:01:50

Health: -1/15      AC:  4    Str: 10    XL:     2   Next: 20%
Magic:  0/6        EV: 12    Int: 18    God:
Gold:   38         SH:  0    Dex:  8    Spells: 6/7 levels left

rFire    . . .     SeeInvis .   j - +0 dagger
rCold    . . .     Gourm    .   (no shield)
rNeg     + . .     Faith    .   a - +0 robe
rPois    ∞         Spirit   .   b - +0 hat
rElec    +         Reflect  .   (no cloak)
rCorr    .         Harm     .   (no gloves)
MR       .....                  (no boots)
Stlth    ++........             (no amulet)
HPRegen  0.05/turn              (no ring)
MPRegen  0.10/turn              (no ring)

@: no status effects
A: negative energy resistance 1, electricity resistance, unbreathing,
petrification resistance, rot immunity, AC +2
a: no special abilities


You were on level 2 of the Dungeon.
You were not hungry.

You visited 1 branch of the dungeon, and saw 3 of its levels.

You collected 38 gold pieces.

Inventory:

Hand Weapons
 j - a +0 dagger (weapon)
Armour
 a - a +0 robe (worn)
 b - a +0 hat (worn)
Scrolls
 f - a scroll of identify {unknown}
Potions
 e - a potion of berserk rage {unknown}
 g - a potion of mutation {unknown}
 h - a potion of heal wounds {unknown}
 i - a potion of invisibility {unknown}
Books
 c - a book of Minor Magic

   Spells                             Type                      Level
   a - Magic Dart                     Conjuration                  1
   b - Blink                          Translocation                2
   c - Call Imp                       Summoning                    2
   d - Slow                           Hexes                        2
   e - Conjure Flame                  Conjuration/Fire             3
   f - Mephitic Cloud                 Conjuration/Poison/Air       3
Comestibles
 d - 2 rations
 k - 3 chunks of flesh


   Skills:
 - Level 1.5 Dodging
 - Level 2.1 Stealth
 - Level 3.0 Spellcasting
 + Level 2.4 Conjurations
   Level 0.8 Summonings
   Level 0.8 Translocations


You had 6 spell levels left.
You knew the following spells:

 Your Spells              Type           Power        Failure   Level  Hunger
a - Magic Dart            Conj           ##..         6%          1    None


Dungeon Overview and Level Annotations

Branches:
Dungeon (3/15)

Altars:
Uskayaw


Innate Abilities, Weirdness & Mutations

You are resistant to torment.
Your stone body is resilient. (AC +2)
You are immune to poison.
You resist negative energy. (rN+)
You are resistant to electric shocks. (rElec)
You can survive without breathing.
You are immune to petrification.
You are immune to rotting.


Message History

Unknown command.
Casting: Magic Dart
Confirm with . or Enter, or press ? or * to list all spells.
Aiming: Magic Dart
Press: ? - help, Shift-Dir - straight line, f/p - orc wizard
Aim: an orc wizard, wielding a dagger and wearing a robe (almost dead)
The magic dart hits the orc wizard.
The orc wizard is almost dead.
Unknown command.
Casting: Magic Dart
Confirm with . or Enter, or press ? or * to list all spells.
Aiming: Magic Dart
Press: ? - help, Shift-Dir - straight line, f/p - orc wizard
Aim: an orc wizard, wielding a dagger and wearing a robe (almost dead)
The magic dart hits the orc wizard.
The orc wizard is almost dead.
The orc wizard casts a spell at you. The magic dart hits you!
Ouch! That really hurt!
You die...

..# #...# ###'#######
#.###.#.## . #.#
#........#### ..... #.#
#####.......### .... #.#
###..#....# #.. #.#
####..#.# #####.##.#
#...#.####........#
###...#....#.####...###
#...#.####@#.#........#
#.###.####..o#.##...#.#####
#.......##.........>#o.....
#####.#.##....#.#.###..####
#...#####.#.#.o....# #####
#......###..... #...##..
..... ..######## #.... ..
....


You could see an orc wizard.

Vanquished Creatures
  A giant cockroach (D:1)
  2 goblins
  A hobgoblin (D:1)
  A ball python (D:1)
  A bat (D:2)
  A frilled lizard (D:1)
  2 rats (D:1)
9 creatures vanquished.

Vanquished Creatures (others)
  An orc (D:2)
1 creature vanquished.

Grand Total: 10 creatures vanquished

Notes
Turn   | Place    | Note
-------+----------+-------------------------------------------
     0 | D:1      | letownia2 the Gargoyle Wizard began the quest for the Orb.
     0 | D:1      | Reached XP level 1. HP: 10/10 MP: 4/4
   195 | D:3      | Found a hide-covered altar of Uskayaw.
   195 | D:3      | Noticed a dagger
   195 | D:3      | Noticed a dagger
   195 | D:3      | Noticed an orc wizard
   258 | D:1      | Reached XP level 2. HP: 8/15 MP: 1/6
   465 | D:2      | Killed from afar by an orc wizard

Skill      XL: |  1 |
---------------+----+-----
Conjurations   | 2 |  2.4
Dodging        | |  1.5
Stealth        | |  2.1
Spellcasting   | |  3.0
Summonings     | |  0.8
Translocations | |  0.8

Action                   || total
-------------------------++-------
Melee: Dagger            ||    12
       Unarmed           ||     1
 Cast: Magic Dart        ||    24
 Stab: Sleeping          ||     1
Armor: Robe              ||     7
Dodge: Dodged            ||    10
